 Dungeon Crawl Stone Soup version 0.18-a0-1396-g8753ca6 (webtiles) character file.

905 Kidiri the Conjurer (level 7, -9/39 HPs)
             Began as a Deep Elf Conjurer on Feb 23, 2016.
             Was a Follower of Vehumet.
             Killed from afar by Pikel (13 damage)
             ... with a wand of lightning
             ... on level 5 of the Dungeon.
             The game lasted 00:29:24 (5750 turns).

Kidiri the Conjurer (Deep Elf Conjurer)             Turns: 5750, Time: 00:29:24

Health: -9/39      AC:  7    Str:  5    XL:     7   Next: 80%
Magic:  4/17       EV: 13    Int: 22    God:    Vehumet [*.....]
Gold:   250        SH:  0    Dex: 15    Spells: 6 memorised, 2 levels left

rFire  x . .     SeeInvis .     t - +0 dagger (venom)
rCold  + + .     Gourm    .     x - +1 leather armour {rC+}
rNeg   . . .     Faith    .     (no shield)
rPois  .         Spirit   .     (no helmet)
rElec  .         Dismiss  .     w - +2 cloak {+Inv}
rCorr  .         Reflect  .     (no gloves)
SustAt .         Harm     .     (no boots)
MR     .....                    (no amulet)
Stlth  ++........               (no ring)
                                q - ring of ice

@: not resistant to hostile enchantments, unstealthy
A: no striking features
a: Renounce Religion, Evoke Invisibility


You were on level 5 of the Dungeon.
You worshipped Vehumet.
Vehumet was aware of your devotion.
You were not hungry.

You visited 1 branch of the dungeon, and saw 5 of its levels.
You also visited: Sewer.

You collected 250 gold pieces.

Inventory:

Hand Weapons
 o - a +0 dagger of protection
 t - a +0 dagger of venom (weapon)
 y - a +3 dagger
 F - a +0 rapier
Armour
 w - a +2 cloak of invisibility (worn)
 x - a +1 leather armour of cold resistance (worn)
Jewellery
 q - a ring of ice (left hand)
Wands
 n - a wand of polymorph (3/24)
 v - a wand of digging (8/24)
Scrolls
 e - 2 scrolls of fear {unknown}
 m - 3 scrolls of teleportation
 r - a scroll of recharging {unknown}
 s - a scroll of blinking {unknown}
 u - 2 scrolls of immolation
 B - 3 scrolls of magic mapping
Potions
 d - a potion of magic
 f - a potion of cancellation
 g - a potion of invisibility
 h - a potion of cure mutation {unknown}
 i - 4 potions of might
 j - 3 potions of curing {unknown}
 p - a potion of mutation {unknown}
 z - a potion of degeneration {unknown}
 A - 2 potions of haste {unknown}
 D - 4 potions of flight {unknown}
 E - a potion of lignification {unknown}
Books
 b - a book of Conjurations

   Spells                             Type                      Level
   a - Magic Dart                     Conjuration                  1
   b - Searing Ray                    Conjuration                  2
   c - Dazzling Spray                 Conjuration/Hexes            3
   d - Fulminant Prism                Conjuration/Hexes            4
   e - Iskenderun's Mystic Blast      Conjuration                  4
   f - Iskenderun's Battlesphere      Conjuration/Charms           5
 l - a book of Air

   Spells                             Type                      Level
   a - Shock                          Conjuration/Air              1
   b - Swiftness                      Charms/Air                   2
   c - Repel Missiles                 Charms/Air                   2
   d - Static Discharge               Conjuration/Air              3
   e - Lightning Bolt                 Conjuration/Air              5
Comestibles
 c - 4 bread rations
 k - 3 meat rations


   Skills:
 + Level 1.9 Fighting
 + Level 1.5 Short Blades
 + Level 1.9 Armour
 * Level 4.8 Dodging
 + Level 4.2 Stealth
 * Level 5.9 Spellcasting
 * Level 5.9 Conjurations
 + Level 3.6 Hexes
 + Level 0.4 Ice Magic
 + Level 1.2 Evocations


You had 2 spell levels left.
You knew the following spells:

 Your Spells              Type           Power        Failure   Level  Hunger
a - Magic Dart            Conj           ####         1%          1    None
b - Searing Ray           Conj           ####..       1%          2    None
c - Dazzling Spray        Conj/Hex       ####....     10%         3    #......
d - Iskenderun's Mystic   Conj           ####....     17%         4    ###....
e - Fulminant Prism       Conj/Hex       ####......   24%         4    ###....
f - Freeze                Ice            ##..         14%         1    None


Dungeon Overview and Level Annotations

Branches:
Dungeon (5/15)
 Temple: D:4-7

Altars:
Dithmenos
Gozag
Sif Muna
Vehumet

Annotations:
D:5 Pikel


Message History

Unknown command.
Unknown command.
Unknown command.
Unknown command.
Unknown command.
Unknown command.
Unknown command.
Casting: Dazzling Spray
Confirm with . or Enter, or press ? or * to list all spells.
Aiming: Dazzling Spray
Press: ? - help, Shift-Dir - straight line, f/p - Pikel
Aim: Pikel, wielding a whip of flaming, wearing a robe and carrying a wand of lightning {zapped: 9} (heavily wounded, poisoned)
The spray of energy hits Pikel.
Pikel is almost dead.
The spray of energy hits the worker ant.
The worker ant is severely wounded.
The worker ant is dazzled.
Unknown command.
Pikel zaps a wand.
The bolt of lightning hits you!
You die...

,,*,* *,,,,.p.,,...≈≈≈≈.≈≈≈≈...#.
,,,,***,***#.#**##.≈≈≈≈≈≈≈≈≈...#.
>,,,,,,,* #.# ############....
,,,,,,*** #[# #.# #.......(.
,,,,,,* #.# #.# ###...Z...
***,,** #.# #.# ###...#. *,,,*
#.# #.# #...#. *,*,*
###.######.#### #..... *,*,*
#...[..@.K....# #...#. *,*,*
#.##.#####..p.# #####. *,*,*
#.##Z# ####W# #. *,*,* #.##a# #.#
#. *,*,* #.##p# #p# ########
*,*,* #.##K# #W###.....##
*,*,#####.##.# #Z....###...
*,,,W......[.########<.##.# #...
***,............Z......##.###.##


You could see Pikel, a phantom and a slave.

Vanquished Creatures
  Sigmund (D:4)
  3 slaves (D:5)
  A big kobold (Sewer)
  The ghost of Kidiri the Conjurer, an amateur DECj (D:3)
  2 howler monkeys
  A giant frog zombie (D:5)
  Crazy Yiuf (D:3)
  A hound (D:4)
  2 orc priests
  An orc wizard (D:4)
  A worker ant (D:4)
  A statue (D:4)
  A gnoll (D:3)
  13 adders
  A river rat (Sewer)
  An ooze (D:3)
  An adder skeleton (D:4)
  4 worms
  2 dart slugs
  6 giant geckos
  18 orcs
  4 ball pythons
  7 bats
  6 giant cockroaches
  7 goblins
  5 hobgoblins
  3 jackals (D:1)
  A quokka (D:4)
  7 giant newts
  15 kobolds
  A quokka skeleton (D:5)
  11 rats
130 creatures vanquished.

Vanquished Creatures (others)
  3 fulminant prisms
3 creatures vanquished.

Grand Total: 133 creatures vanquished

Notes
Turn   | Place    | Note
--------------------------------------------------------------
     0 | D:1      | Kidiri the Deep Elf Conjurer began the quest for the Orb.
     0 | D:1      | Reached XP level 1. HP: 10/10 MP: 6/6
   375 | D:1      | Reached XP level 2. HP: 16/16 MP: 5/8
   392 | D:1      | Learned a level 2 spell: Searing Ray
  1253 | D:2      | Reached XP level 3. HP: 20/20 MP: 6/9
  1258 | D:2      | Learned a level 3 spell: Dazzling Spray
  1493 | D:2      | Reached skill level 1 in Fighting
  1496 | D:2      | Reached skill level 1 in Hexes
  1735 | D:2      | Reached XP level 4. HP: 25/25 MP: 12/12
  1744 | D:2      | Learned a level 4 spell: Iskenderun's Mystic Blast
  1835 | D:2      | You fall through a shaft!
  1962 | D:3      | Noticed Sigmund
  1991 | D:2      | Found an opulent altar of Gozag.
  2407 | D:3      | Noticed Kidiri's ghost (amateur DECj)
  2410 | D:3      | Found a shadowy altar of Dithmenos.
  2437 | D:3      | Killed Kidiri's ghost
  2437 | D:3      | Reached skill level 1 in Armour
  2437 | D:3      | Reached XP level 5. HP: 29/29 MP: 11/13
  2759 | D:3      | Reached skill level 5 in Conjurations
  2914 | D:3      | Noticed Crazy Yiuf
  2929 | D:3      | Killed Crazy Yiuf
  3553 | D:4      | Killed Sigmund
  3553 | D:4      | Reached skill level 5 in Spellcasting
  3553 | D:4      | Reached XP level 6. HP: 19/34 MP: 3/15
  3559 | D:4      | Learned a level 4 spell: Fulminant Prism
  4074 | D:4      | Reached XP level 7. HP: 39/39 MP: 3/16
  4096 | D:4      | Reached skill level 1 in Short Blades
  4416 | D:4      | Found a deep blue altar of Sif Muna.
  4516 | D:4      | Found a radiant altar of Vehumet.
  4533 | D:4      | Became a worshipper of Vehumet
  4739 | D:5      | Entered Level 5 of the Dungeon
  4752 | D:5      | Found a glowing drain.
  4765 | Sewer    | Entered a sewer
  4854 | Sewer    | Reached skill level 1 in Evocations
  5197 | Sewer    | Reached * piety under Vehumet
  5197 | Sewer    | Offered knowledge of Freeze by Vehumet.
  5200 | Sewer    | Learned a level 1 spell: Freeze
  5477 | D:5      | Noticed Pikel
  5750 | D:5      | Killed from afar by Pikel

Vault maps used:
D:1:      lightli_arrival_statue_moat
D:2:      nicolae_gozag_seed_capital, first_bread
D:3:      nicolae_dithmenos_shadow_blocks, minmay_bad_closet, minmay_unequal,
          uniq_sigmund, uniq_crazy_yiuf_cottage
D:4:      wad_pebble_path, vehumet_statue, led_sif_pool
D:5:      tso_oasis_becter, portal_sewer_entry_f, corexii_shack, uniq_pikel
Sewer:    sewer_co_15_rooms

Skill      XL: |  1  2  3  4  5  6  7 |
---------------+----------------------+-----
Fighting       | 1 |  1.9
Stealth        | 3 4 |  4.2
Hexes          | 1 2 3 |  3.6
Spellcasting   | 4 5 |  5.9
Dodging        | 3 4 |  4.8
Armour         | 1 |  1.9
Conjurations   | 5 |  5.9
Short Blades   | 1 |  1.5
Evocations     | 1 |  1.2
Ice Magic      | |  0.4

Action                   |  1- 3 |  4- 6 |  7- 9 || total
-------------------------+-------+-------+-------++-------
Melee: Dagger            |     2 |    13 |    45 ||    60
       Short sword       |       |     1 |       ||     1
 Cast: Magic Dart        |    80 |    89 |    72 ||   241
       Dazzling Spray    |       |    12 |    11 ||    23
       Searing Ray       |       |     3 |     3 ||     6
       Fulminant Prism   |       |       |     3 ||     3
  Use: Scroll            |     8 |     3 |     2 ||    13
       Potion            |       |     2 |       ||     2
 Stab: Sleeping          |     2 |     1 |     3 ||     6
       Invisible         |       |       |     2 ||     2
  Eat: Chunk             |     2 |     3 |     5 ||    10
       Meat ration       |       |     1 |       ||     1
       Beef jerky        |       |       |     1 ||     1
